 Dungeon Crawl Stone Soup version 0.26.0-20-g3ca415f5b8 (webtiles) character file.

Game seed: 6446331128333314151

448 kaeus the Skirmisher (level 6, -3/49 HPs)
             Began as a Demonspawn Fighter on Jan 25, 2021.
             Was a Follower of Makhleb.
             Slain by an iguana (4 damage)
             ... on level 4 of the Dungeon.
             The game lasted 00:04:54 (6013 turns).

kaeus the Skirmisher (Demonspawn Fighter)           Turns: 6013, Time: 00:04:55

Health: -3/49      AC:  9    Str: 19    XL:     6   Next: 73%
Magic:  6/6        EV:  5    Int:  9    God:    Makhleb [*.....]
Gold:   249        SH:  9    Dex: 12    Spells: 5/5 levels left

rFire    . . .     SeeInvis .   a - +0 war axe
rCold    . . .     Faith    .   c - +0 kite shield
rNeg     . . .     Spirit   .   j - +0 chain mail
rPois    .         Reflect  .   (no helmet)
rElec    .         Harm     .   e - scarf {+Inv}
rCorr    .         Rampage  .   (no gloves)
Will     .....                  (no boots)
Stlth    ..........             (no amulet)
HPRegen  0.16/turn              (no ring)
MPRegen  0.10/turn              (no ring)

@: no status effects
A: claws 1, powered by pain 1, miasma immunity
a: Renounce Religion, Evoke Invisibility


You were on level 4 of the Dungeon.
You worshipped Makhleb.
Makhleb was aware of your devotion.
You visited 1 branch of the dungeon, and saw 4 of its levels.

You collected 249 gold pieces.

Inventory:

Hand Weapons
 a - a +0 war axe (weapon)
Armour
 b - a +0 scale mail
 c - a +0 kite shield (worn)
 e - a scarf of invisibility (worn)
 j - a +0 chain mail (worn)
Scrolls
 f - 6 scrolls of identify {unknown}
 h - 2 scrolls of amnesia {unknown}
 k - a scroll of fear {unknown}
 l - 2 scrolls of teleportation {unknown}
 m - 3 scrolls of random uselessness {unknown}
 o - a scroll of noise {unknown}
 p - 3 scrolls of magic mapping {unknown}
Potions
 d - 2 potions of might
 g - a potion of mutation {unknown}
 i - a potion of invisibility {unknown}
 n - a potion of haste {unknown}


   Skills:
 + Level 4.5 Fighting
 + Level 3.6 Axes
 + Level 4.2 Armour
 + Level 4.1 Shields


You had 5 spell levels left.
You didn't know any spells.
Your spell library was empty.

Dungeon Overview and Level Annotations

Branches:
Dungeon (4/15)
 Temple: D:4-7

Altars:
Makhleb
Trog
Uskayaw


Innate Abilities, Weirdness & Mutations

You have sharp fingernails.
You sometimes gain a little power by taking damage.
You are immune to miasma.


Message History

The iguana bites you.
* * * LOW HITPOINT WARNING * * *
The iguana bites you.
* * * LOW HITPOINT WARNING * * *
You take 6 damage, and have 4/49 hp.
You see here a scroll labelled MUAXZI IHAM.
You feel better.
A worker ant comes into view.
The iguana bites you.
* * * LOW HITPOINT WARNING * * *
You regained 5 hp, and now have 9/49 hp.
You hit the iguana but do no damage.
The iguana is heavily wounded.
You block the iguana's attack.
You hit the iguana.
The iguana is heavily wounded.
The iguana bites you!
* * * LOW HITPOINT WARNING * * *
The iguana bites you.
You die...

#...............
#...............
###...............
.................
#.......)B...... .
#...............
#.##...............
.........l.........
##.#...)@..........
............[......
####................
....................
....................
...................
#.................
.#................
..#....<...........


You could see an iguana and a worker ant.

Vanquished Creatures
  A centaur (D:3)
  3 orc wizards
  An iguana (D:4)
  A worker ant (D:3)
  11 adders
  2 worms
  9 dart slugs
  2 leopard geckos (D:1)
  14 orcs
  7 giant cockroaches
  8 goblins
  3 hobgoblins
  8 jackals
  3 quokkas
  2 ball pythons (D:2)
  5 bats
  5 frilled lizards
  10 kobolds
  8 rats
103 creatures vanquished.

Notes
Turn   | Place    | Note
-------+----------+-------------------------------------------
     0 | D:1      | kaeus the Demonspawn Fighter began the quest for the Orb.
     0 | D:1      | Reached XP level 1. HP: 18/18 MP: 1/1
   190 | D:1      | Gained mutation: You are immune to miasma. [demonic
                  | ancestry]
   190 | D:1      | Reached XP level 2. HP: 23/24 MP: 2/2
   892 | D:1      | Reached XP level 3. HP: 29/29 MP: 3/3
  1517 | D:2      | Found a burning altar of Makhleb.
  1517 | D:2      | Noticed a blizzard demon
  2004 | D:2      | Gained mutation: You sometimes gain a little power by
                  | taking damage. [demonic ancestry]
  2004 | D:2      | Reached XP level 4. HP: 32/35 MP: 4/4
  2629 | D:2      | Reached XP level 5. HP: 30/42 MP: 5/5
  2908 | D:2      | Noticed a ynoxinul
  2908 | D:2      | Noticed a neqoxec
  2910 | D:2      | Became a worshipper of Makhleb the Destroyer
  2937 | D:3      | Noticed a centaur
  4518 | D:3      | Gained mutation: You have sharp fingernails. [demonic
                  | ancestry]
  4518 | D:3      | Reached XP level 6. HP: 14/48 MP: 6/6
  4612 | D:3      | Reached * piety under Makhleb
  5631 | D:3      | Found a hide-covered altar of Uskayaw.
  5985 | D:4      | Found a bloodstained altar of Trog.
  6013 | D:4      | HP: 1/49 [iguana (9)]
  6013 | D:4      | Slain by an iguana

Illustrated notes

Levels and vault maps discovered:
D:1:      ebering_trefoil_twist, layout_basic
D:2:      layout_loops_corners, makhleb_altar_promises_db, chequers_garden,
          hangedman_abyss_or_decor_lesser_grid
D:3:      kennysheep_slugbush, layout_loops_ring, general_overflow_altar,
          serial_rivers, chequers_serial_rivers_large_a,
          chequers_serial_rivers_micro_d, chequers_serial_rivers_small_3,
          chequers_serial_rivers_micro_b, chequers_serial_rivers_micro_e,
          chequers_serial_rivers_small_a
D:4:      kennysheep_goblin_castle, layout_basic,
          lemuel_zombie_altar_kikubaaqudgha,
          gammafunk_temple_overflow_forgotten, minmay_curled_crystal,
          uniq_sigmund

Skill      XL: |  1  2  3  4  5  6 |
---------------+-------------------+-----
Axes           | 2 3 |  3.6
Armour         | 3 4 |  4.2
Shields        | 3 4 |  4.1
Fighting       | 4 |  4.5

Action                   |  1- 3 |  4- 6 || total
-------------------------+-------+-------++-------
Melee: War axe           |    82 |   261 ||   343
  Use: Potion            |       |     2 ||     2
Armor: Scale mail        |    41 |    84 ||   125
       Chain mail        |       |    23 ||    23
Dodge: Dodged            |    25 |    86 ||   111
Block: Kite shield       |    47 |   141 ||   188
